AoeStats
← Spatana2177

Oasis

509918830Analyzed
4v4 RM · 5d ago on Sep 28, 2026· 36m 53s· 8 players
Game mode
Random Map
Map size
Large (8 player)
Population
200
Speed
Normal
Resources
Standard
Victory
Conquest
Starting age
Dark Age
Ending age
Imperial Age
RankedLock teamsTeams togetherTeam positionsShared explorationLock speedFull tech treeHidden civsTurbo modeCheats
Victory
Defeat
🇨🇴 Hindustanis · Colombia
1341
+14
🇵🇹 Khmer · Portugal
1293
+16
🇩🇪 Teutons · Germany
1250
+19
🇮🇹 Magyars · Italy
1247
+19
🇹🇼 Italians · Taiwan
1305
-17
🇩🇪 Magyars · Germany
1301
-17
🇩🇪 Danes · Germany
1297
-17
🇩🇪 Britons · Germany
1296
-17
juan quevedo
7:24 Loom
9:44 Feudal Age
13:11 Double-Bit Axe
21:34 Castle Age
20:46 Scale Barding Armor
22:35 Bloodlines
22:40 Husbandry
22:52 Forging
30:16 Chain Barding Armor
31:02 Iron Casting
33:33 Fletching
34:49 Horse Collar
35:29 Padded Archer Armor
35:32 Bodkin Arrow
Tonytony_Chopper
7:29 Loom
10:02 Feudal Age
10:43 Double-Bit Axe
10:51 Horse Collar
13:46 Scale Barding Armor
16:04 Bloodlines
20:45 Castle Age
19:50 Gold Mining
20:49 Light Cavalry
24:50 Bow Saw
25:53 Wheelbarrow
26:17 Fletching
26:27 Padded Archer Armor
27:57 Husbandry
28:48 Ballistics
30:10 Bodkin Arrow
31:19 Leather Archer Armor
32:59 Thumb Ring
33:24 Stone Mining
lokiuupt
2:07 Loom
11:30 Feudal Age
12:02 Horse Collar
12:11 Double-Bit Axe
17:49 Castle Age
17:53 Gold Mining
19:07 Bow Saw
19:02 Heavy Plow
20:31 Scale Barding Armor
22:01 Chain Barding Armor
25:07 Wheelbarrow
26:49 Hand Cart
31:40 Imperial Age
29:57 Forging
30:43 Stone Mining
32:19 Bloodlines
32:48 Iron Casting
31:57 Cavalier
33:53 Plate Barding Armor
33:24 Paladin
36:11 Blast Furnace
BARAKA wins!
9:59 Feudal Age
12:06 Loom
14:27 Castle Age
12:35 Double-Bit Axe
14:05 Gold Mining
14:00 Horse Collar
15:52 Bow Saw
18:06 Wheelbarrow
23:24 Hand Cart
23:13 Gold Mining
23:25 Heavy Plow
26:28 Gold Shaft Mining
28:49 Imperial Age
27:07 Bloodlines
26:58 Husbandry
27:31 Stone Mining
29:48 Scale Barding Armor
29:54 Forging
30:03 Devotion
31:39 Chain Barding Armor
31:55 Iron Casting
31:39 Elite Battle Elephant
34:20 Plate Barding Armor
35:05 Blast Furnace
35:52 Tusk Swords
36:13 Conscription
36:07 Fletching
37:25 Faith
KIV.Theo
7:02 Loom
9:24 Feudal Age
10:17 Double-Bit Axe
12:57 Fletching
13:59 Town Watch
22:18 Castle Age
20:37 Padded Archer Armor
21:55 Horse Collar
22:21 Crossbowman
22:57 Bodkin Arrow
23:36 Bow Saw
26:10 Wheelbarrow
28:26 Ballistics
30:58 Gold Mining
33:59 Imperial Age
34:01 Arbalester
34:41 Bracer
35:43 Chemistry
Murschann
9:31 Loom
11:17 Feudal Age
12:26 Horse Collar
12:35 Double-Bit Axe
15:14 Scale Barding Armor
15:34 Bloodlines
19:10 Castle Age
20:29 Chain Barding Armor
20:31 Husbandry
21:11 Gold Mining
25:26 Fletching
25:36 Padded Archer Armor
26:41 Bodkin Arrow
31:14 Wheelbarrow
32:13 Leather Archer Armor
37:12 Imperial Age
35:12 Stone Mining
35:38 Thumb Ring
murphykz2322
Spatana2177
10:39 Feudal Age
10:55 Man-at-Arms
21:17 Castle Age
19:03 Loom
21:25 Castle Age
19:32 Double-Bit Axe
20:32 Fletching
21:08 Horse Collar
24:40 Scale Mail Armor
24:51 Forging
24:31 Gambesons
25:31 Squires
25:17 Arson
29:13 Chain Mail Armor
29:03 Pikeman
32:23 Iron Casting
Connection lost

Rejoining the realm…

Still unreachable

The connection could not be restored.

Session expired

The server has moved on; the page needs a fresh start.